 Dungeon Crawl Stone Soup version bcrawl-1.12-5-g74a5124548 (webtiles) character file.

Game seed: 15287152565375643289

28 MisterOstroum the Sneak (level 3, 27/29 HPs)
             Began as a Demonspawn Archaeologist on June 1, 2019.
             Quit the game on level 1 of the Dungeon.
             The game lasted 00:01:31 (859 turns).

MisterOstroum the Sneak (Demonspawn Archaeologist)   Turns: 859, Time: 00:01:32

Health: 27/29      AC:  8    Str: 12    XL:     3   Next: 0%
Magic:  3/3        EV: 12    Int: 15    God:
Gold:   46         SH:  0    Dex: 11    Spells: 2/2 levels left

rFire    . . .     SeeInvis .   i - +0 whip
rCold    . . .     Gourm    .   (no shield)
rNeg     . . .     Faith    .   a - +1 robe
rPois    .         Spirit   .   b - +1 hat
rElec    .         Reflect  .   (no cloak)
rCorr    .         Harm     .   d - +1 pair of gloves
MR       .....                  c - +1 pair of boots
Stlth    ++........             (no amulet)
HPRegen  0.09/turn              (no ring)
MPRegen  0.08/turn              (no ring)

@: studying Armour
A: demonic guardian 1
a: no special abilities


You were on level 1 of the Dungeon.
You were not hungry.

You visited 1 branch of the dungeon, and saw 1 of its levels.

You collected 46 gold pieces.

Inventory:

Hand Weapons
 i - a +0 whip (weapon)
Missiles
 k - 26 curare-tipped needles {!f}
 l - 260 poisoned needles
 q - 192 stones (quivered)
Armour
 a - a +1 robe (worn)
 b - a +1 hat (worn)
 c - a +1 pair of boots (worn)
 d - a +1 pair of gloves (worn)
Scrolls
 j - a scroll of teleportation {unknown}
 o - a scroll of magic mapping {unknown}
 p - a scroll of identify {unknown}
 r - 3 scrolls of fear {unknown}
 s - a scroll of blinking {unknown}
Potions
 h - a potion of lignification {unknown}
 n - a potion of curing {unknown}
Books
 g - a manual of Armour
Miscellaneous
 f - an ancient crate
Comestibles
 e - 2 rations {!d}


   Skills:
 + Level 3.0 Fighting
 + Level 0.0 Armour
 - Level 2.6 Dodging
 - Level 3.0 Stealth


You had 2 spell levels left.
You didn't know any spells.
Your spell library was empty.

Dungeon Overview and Level Annotations

Branches:
Dungeon (1/12)

Altars:


Innate Abilities, Weirdness & Mutations

A weak demonic guardian rushes to your aid.


Message History

Press: ? - help, Shift-Dir - straight line, f/p - giant cockroach
Aim: a giant cockroach (clinging)
You throw a stone.
The stone hits the giant cockroach but does no damage.
Throwing (i - inventory)
q - 197 stones (quivered)
Press: ? - help, Shift-Dir - straight line, f/p - giant cockroach
Aim: a giant cockroach (clinging)
You throw a stone. The stone hits the giant cockroach.
The giant cockroach is moderately wounded.
You hit the giant cockroach.
You kill the giant cockroach!
No target in view!
No target in view!
No target in view!
No target in view!
No target in view!
No target in view!
No target in view!
No target in view!
No target in view!
No target in view!
A goblin comes into view. It is wielding a +0 dagger.
A goblin is nearby!
A goblin is nearby!
Throwing (i - inventory)
q - 196 stones (quivered)
Press: ? - help, Shift-Dir - straight line, f - goblin
Aim: a goblin, wielding a +0 dagger (resting)
You throw a stone. The stone hits the goblin.
The goblin is heavily wounded.
Throwing (i - inventory)
q - 195 stones (quivered)
Press: ? - help, Shift-Dir - straight line, f/p - goblin
Aim: a goblin, wielding a +0 dagger (heavily wounded)
You throw a stone. The stone hits the goblin.
You kill the goblin!
No target in view!
No target in view!
No target in view!
You see here a +0 dagger.
Found an escape hatch in the floor.
There is an escape hatch in the floor here.
There is an escape hatch in the floor here.
You see here a +0 dagger.
A bat and a hobgoblin come into view.
The bat closely misses you.
Found 15 gold pieces.
You barely miss the bat. The bat closely misses you. x2
All of the chunks of flesh in your inventory have rotted away.
There are monsters nearby!
There are monsters nearby!
You hit the bat but do no damage. The bat hits you but does no damage. x2
The bat misses you.
You barely miss the bat.
The hobgoblin shouts!
The bat closely misses you.
A giant cockroach comes into view.
You miss the bat. The bat hits you but does no damage.
Throwing (i - inventory)
q - 194 stones (quivered)
Press: ? - help, Shift-Dir - straight line, f - bat
Aim: a bat You throw a stone.
The stone barely misses the bat.
The bat hits you but does no damage.
You miss the bat. The bat closely misses you.
Throwing (i - inventory)
q - 193 stones (quivered)
Press: ? - help, Shift-Dir - straight line, f/p - bat
Aim: a bat You throw a stone.
The stone closely misses the bat.
The bat hits you but does no damage. x2
You hit the bat.
You kill the bat!
Your Fighting skill increases to level 3!
You completely miss the giant cockroach.
The giant cockroach bites you.
A bat comes into view.
You barely miss the giant cockroach. The giant cockroach bites you.
The giant cockroach bites you but does no damage.
You closely miss the giant cockroach. The giant cockroach barely misses you.
You hit the giant cockroach.
The giant cockroach is severely wounded.
The giant cockroach bites you but does no damage. x2
You closely miss the giant cockroach.
The giant cockroach is severely wounded.
The giant cockroach completely misses you.
You hit the giant cockroach but do no damage.
The giant cockroach is severely wounded.
The giant cockroach bites you but does no damage.
You barely miss the giant cockroach.
The giant cockroach is severely wounded.
The giant cockroach misses you. The giant cockroach barely misses you.
You barely miss the giant cockroach.
The giant cockroach is severely wounded.
The giant cockroach completely misses you.
You hit the giant cockroach.
You kill the giant cockroach!
You have reached level 3!
Your experience leads to an increase in your attributes!
Increase (S)trength, (I)ntelligence, or (D)exterity?
You feel stronger.
You have an epiphany!
The dusty tome is a manual of Armour!
Reading it may be key to unlocking the crate...
The bat hits you but does no damage.
Are you sure you want to abandon this character and quit the game? (Confirm with "yes".)

#.............#.####.#
#.##........###....#..
##.##........# #.##.###
.............# #.##.#
##.#########.###..#.###
......................
.##.#####.#.####.#.###
. #.....#.####.#.#
#@#####........# #g#
#######.## b.$ #)#
....# #####.#### .....#
#......... ..$...#
#......... #......#
#......... #.......
#.......รท. #.........


You could see a hobgoblin and a bat.

Vanquished Creatures
  A dart slug (D:1)
  A leopard gecko (D:1)
  2 ball pythons (D:1)
  3 bats (D:1)
  2 giant cockroaches (D:1)
  4 goblins (D:1)
  2 hobgoblins (D:1)
  3 kobolds (D:1)
  A frilled lizard (D:1)
  A rat (D:1)
20 creatures vanquished.

Notes
Turn   | Place    | Note
-------+----------+-------------------------------------------
     0 | D:1      | MisterOstroum the Demonspawn Archaeologist began the quest
                  | for the Orb.
     0 | D:1      | Reached XP level 1. HP: 15/15 MP: 1/1
    83 | D:1      | Gained mutation: A weak demonic guardian rushes to your
                  | aid. [demonic ancestry]
    83 | D:1      | Reached XP level 2. HP: 14/22 MP: 2/2
   858 | D:1      | Reached XP level 3. HP: 27/29 MP: 3/3
   859 | D:1      | Quit the game

Skill      XL: |  1  2 |
---------------+-------+-----
Fighting       | 2 3 |  3.0
Dodging        | |  2.6
Stealth        | |  3.0

Action                   || total
-------------------------++-------
Melee: Whip              ||    99
Throw: Stone             ||    25
Armor: Robe              ||    49
Dodge: Dodged            ||    71
